 Dungeon Crawl Stone Soup version 0.31-a0-1611-g890cdf5628 (webtiles) character file.

Game seed: 17817852238276965933

215 LeprechaunX the Changeling (level 5, -2/35 HPs)
             Began as an Octopode Shapeshifter on Jan 8, 2024.
             Slain by a sleepcap (8 damage)
             ... on level 4 of the Dungeon.
             The game lasted 00:04:02 (2528 turns).

LeprechaunX the Changeling (Octopode Shapeshifter)  Turns: 2528, Time: 00:04:02

Health: -2/35      AC:  1    Str: 14    XL:     5   Next: 92%
Magic:  5/5        EV: 13    Int: 12    God:
Gold:   161        SH:  0    Dex: 13    Spells: 4/4 levels left

rFire   . .          .
                       - Unarmed
rCold   . . .        (no shield)
rNeg    + . .        (helmet currently unavailable)
rPois   .            (no amulet)
rElec   .            m - ring of see invisible
rCorr   .            q - ring of positive energy
SInv    +            (no ring)
Will    .....        (no ring)
Stlth   ++           (no ring)
HPRegen 0.25/turn    (no ring)
MPRegen 0.09/turn    (no ring)
                     (no ring)

%: no passive effects
@: beast-form
A: beast (slay +2), almost no armour, amphibious, 8 rings, camouflage 1,
gelatinous body 1, (nimble swimmer 1), tentacles
a: Begin Untransformation


You were on level 4 of the Dungeon.
You were a hulking beast.
You visited 1 branch of the dungeon, and saw 4 of its levels.

You collected 161 gold pieces.

Inventory:

Hand Weapons
 a - a +0 sling
Missiles
 s - 2 boomerangs (quivered)
 t - 3 javelins
Jewellery
 m - a ring of see invisible (left tentacle)
 q - a ring of positive energy (right tentacle)
Talismans
 b - a beast talisman
 c - a flux talisman
Scrolls
 d - a scroll of teleportation {unknown}
 e - 3 scrolls of identify {unknown}
 j - a scroll of immolation {unknown}
 k - a scroll of enchant armour {unknown}
 l - 3 scrolls of acquirement {unknown}
Potions
 f - 2 potions of berserk rage {unknown}
 g - 2 potions of magic {unknown}
 h - a potion of might {unknown}
 i - 2 potions of lignification
 n - a potion of cancellation {unknown}
 o - 2 potions of heal wounds {unknown}
 p - 2 potions of haste {unknown}
 r - 2 potions of enlightenment {unknown}


   Skills:
 + Level 2.7 Fighting
 - Level 2.0 Dodging
 + Level 4.0 Unarmed Combat
 * Level 4.7 Shapeshifting


You had 4 spell levels left.
You didn't know any spells.
Your spell library was empty.

Dungeon Overview and Level Annotations

Branches:
Dungeon (4/15)
 Temple: D:4-7

Altars:
Makhleb

Shops:
D:1 *   D:2 :   D:4 [


Innate Abilities, Weirdness & Mutations

You are a hulking beast.
Your limbs bulge with bestial killing power. (Slay +2)
You cannot wear most types of armour.
You are amphibious.
You can wear up to eight rings at the same time.
Your skin changes colour to match your surroundings (Stealth+).
Your rubbery body absorbs attacks. (AC +1, EV +1)
((You are camouflaged when in or above water. (Stealth+)))
You have tentacles for arms and can constrict up to eight enemies at once.


Message History

t - 3 javelins HP restored.
There is an entrance to Ydwoppiy's Antique Armour Shop here.
You now have 130 gold pieces (gained 12).
You now have 146 gold pieces (gained 16).
You now have 161 gold pieces (gained 15).
You open the door. You open the door.
A sleepcap comes into view.
A sleepcap is nearby!
A sleepcap is nearby!
A sleepcap is nearby!
You tentacle-slap the sleepcap. You grab the sleepcap.
You squeeze the sleepcap.
The sleepcap is lightly damaged.
You constrict the sleepcap, but do no damage.
The sleepcap misses you.
You tentacle-slap the sleepcap.
The sleepcap is moderately damaged.
You constrict the sleepcap. The sleepcap completely misses you.
You tentacle-slap the sleepcap.
The sleepcap is heavily damaged.
You constrict the sleepcap. The sleepcap releases spores at you.
You tentacle-slap the sleepcap.
The sleepcap is heavily damaged.
You constrict the sleepcap. The sleepcap releases spores at you.
You are engulfed in a cloud of soporific spores!
You fall asleep.
You lose your grip on the sleepcap.
The sleepcap releases spores at you!!
You wake up.
Ouch! That really hurt!
* * * LOW HITPOINT WARNING * * *
You tentacle-slap the sleepcap but do no damage.
You grab the sleepcap. You squeeze the sleepcap.
The sleepcap is severely damaged.
You constrict the sleepcap, but do no damage.
You tentacle-slap the sleepcap but do no damage.
The sleepcap is severely damaged.
You constrict the sleepcap. The sleepcap releases spores at you!
You die...

#. #. #. ###########
#####.###.........#####
##.........#####........
...........#...'........
...........#.###......##
......fh...#.# #......##
##.........#.###......##
#....####.#<##8......##
#.... ..#.†........#.
..... ..#.....<....#.
..### ##.##......... .
#.#.....∩....
#............
###.##....>..


You could see a sleepcap.

Vanquished Creatures
  A bullfrog (D:4)
  A scorpion (D:4)
  4 adders
  A ribbon worm (D:2)
  An orc (D:3)
  2 ball pythons
  3 bats
  5 endoplasms
  A giant cockroach (D:2)
  A goblin (D:1)
  9 hobgoblins
  6 jackals (D:2)
  3 kobolds (D:1)
  3 quokkas
  4 frilled lizards
  7 rats
52 creatures vanquished.

Notes
Turn   | Place    | Note
-------+----------+-------------------------------------------
     0 | D:1      | LeprechaunX the Octopode Shapeshifter began the quest for
                  | the Orb.
     0 | D:1      | Reached XP level 1. HP: 13/13 MP: 1/1
   170 | D:1      | Reached XP level 2. HP: 18/18 MP: 2/2
   231 | D:1      | Found Xanwij's Assorted Antiques.
   795 | D:2      | Found Wuqu's Book Emporium.
   799 | D:2      | Reached XP level 3. HP: 19/23 MP: 3/3
   855 | D:2      | Found a burning altar of Makhleb.
  1381 | D:2      | Reached XP level 4. HP: 27/29 MP: 4/4
  2205 | D:4      | Found Ydwoppiy's Antique Armour Shop.
  2206 | D:4      | Noticed a scorpion
  2216 | D:4      | Killed a scorpion
  2217 | D:4      | Reached XP level 5. HP: 14/35 MP: 5/5
  2225 | D:3      | HP: 1/35 [poisoned by a scorpion]
  2528 | D:4      | Slain by a sleepcap

Illustrated notes

Levels and vault maps discovered:
D:1:      matt_arrival_spirals, layout_rooms, serial_shops, shop,
          chequers_serial_rivers_micro_c, st_stairs_7, hangedman_decor_growths
D:2:      layout_loops_ring, basic_altar, serial_shops, shop,
          ebering_dispersal_statue_hall
D:3:      layout_basic
D:4:      layout_basic, nicolae_vehumet_altar_sigil, grunt_temple_overflow_open,
          amcnicky_mini_pool_small, nicolae_stop_n_shop_1, serial_bayou_lagoon_b

Skill      XL: |  1  2  3  4  5 |
---------------+----------------+-----
Fighting       | 2 |  2.7
Shapeshifting  | 4 |  4.7
Unarmed Combat | 4 |  4.0
Dodging        | |  2.0

Action                     |  1- 3 |  4- 6 || total
---------------------------+-------+-------++-------
  Melee: Unarmed           |    67 |    32 ||    99
         Constrict         |    16 |     9 ||    25
         Tentacles         |    13 |     7 ||    20
         Punch             |     3 |     1 ||     4
  Throw: Boomerang         |       |     3 ||     3
   Stab: Distracted        |     1 |       ||     1
         Sleeping          |     6 |     2 ||     8
 Armour: Skin              |    28 |    18 ||    46
  Dodge: Dodged            |    25 |    10 ||    35

Table legend: (Time is in decaauts)
 A = Elapsed time spent in this place.
 B = Non-inter-level travel time spent in this place.
 C = Inter-level travel time spent in this place.
 D = Time resting spent in this place.
 E = Time spent auto-exploring this place.
 F = Levels seen in this place.
 G = Mean time per level.
                   A        B        C        D        E       F      G
               +--------+--------+--------+--------+--------+-----+--------+
         Total |   2521 |   2367 |    154 |    135 |   1913 |   4 |  630.2 |
       Dungeon |   2521 |   2367 |    154 |    135 |   1913 |   4 |  630.2 |
               +--------+--------+--------+--------+--------+-----+--------+

Top non-repeatable levels by time:
     D:3: 816 daAuts
     D:1: 772 daAuts
     D:2: 750 daAuts
     D:4: 182 daAuts
